 Dungeon Crawl Stone Soup version 0.27-a0-216-g1fbed8a51c (webtiles) character file.

Game seed: 2143764690050293716

262 jasper the Ruffian (level 6, 0/57 HPs)
             Began as a Naga Fighter on Jan 31, 2021.
             Slain by an orc
             ... wielding a +0 trident
              (7 damage)
             ... on level 3 of the Dungeon.
             The game lasted 00:03:36 (2487 turns).

jasper the Ruffian (Naga Fighter)                   Turns: 2487, Time: 00:03:36

Health: 0/57       AC:  5    Str: 19    XL:     6   Next: 18%
Magic:  15/15      EV:  5    Int: 10    God:
Gold:   188        SH:  9    Dex: 10    Spells: 5/5 levels left

rFire    . . .     SeeInvis +     - Unarmed
rCold    . . .     Faith    .   b - +0 kite shield
rNeg     . . .     Spirit   .   a - +0 scale mail
rPois    +         Reflect  .   (no helmet)
rElec    .         Harm     .   (no cloak)
rCorr    .         Rampage  .   (no gloves)
Will     .....                  (no barding)
Stlth    +.........             (no amulet)
HPRegen  0.19/turn              g - ring of magical power
MPRegen  0.14/turn              (no ring)

@: short of breath, very slow
A: large, see invisible, deformed body, poison resistance, slowness 2, spit
poison 1, AC +2
a: Spit Poison


You were on level 3 of the Dungeon.
You visited 1 branch of the dungeon, and saw 3 of its levels.

You collected 188 gold pieces.

Inventory:

Missiles
 f - 44 stones
Armour
 a - a +0 scale mail (worn)
 b - a +0 kite shield (worn)
Jewellery
 g - a ring of magical power (left hand)
Scrolls
 d - 2 scrolls of fog {unknown}
 e - a scroll of immolation {unknown}
 k - 4 scrolls of identify {unknown}
 m - a scroll of amnesia {unknown}
 n - a scroll of fear {unknown}
 o - a scroll of blinking {unknown}
Potions
 h - 2 potions of lignification
 i - a potion of magic {unknown}
 j - a potion of curing {unknown}
 l - 2 potions of haste {unknown}
 p - a potion of attraction {unknown}


   Skills:
 + Level 4.0 Fighting
 - Level 2.4 Armour
 + Level 3.9 Stealth
 + Level 3.2 Shields
 * Level 4.2 Unarmed Combat


You had 5 spell levels left.
You didn't know any spells.
Your spell library was empty.

Dungeon Overview and Level Annotations

Branches:
Dungeon (3/15)

Altars:
Qazlal


Innate Abilities, Weirdness & Mutations

You cannot wear boots.
Your serpentine skin is tough. (AC +2)
You have supernaturally acute eyesight. (SInv)
Armour fits poorly on your strangely shaped body.
Your system is resistant to poisons. (rPois)
You cover ground very slowly.
You can spit poison.


Message History

* * * LOW HITPOINT WARNING * * *
You take 10 damage, and have 17/57 hp.
You hit the orc but do no damage.
The orc hits you from afar with a +0 trident.
* * * LOW HITPOINT WARNING * * *
The orc hits you with a +0 flail!
* * * LOW HITPOINT WARNING * * *
You take 8 damage, and have 9/57 hp.
You aren't carrying any items that you can evoke.
Okay, then.
Okay, then.
Abil: Spit Poison
Press: ? - help, Q - select action, (/) - cycle Shift-Dir - straight line, f - orc
Aim: an orc, wielding a +0 flail and wearing a cursed +0 chain mail The splash of poison hits the orc but does no damage.
The orc is poisoned.
The orc hits you with a +0 flail.
* * * LOW HITPOINT WARNING * * *
The orc hits you from afar with a +0 trident!
You die...

################
####...............
......# ##....####
#.##..####....>.### #
#.#...........)....
#####.##o#...##.#......###
.....))o.@.....†.......[..
##########..)#####.#.#####
#...# #.#.# # #..## #...#
# #..# ###.# # #.$# .# # #
#### ### #... # . ..# #..
..## #. #.# #.#


You could see 2 orcs.

Vanquished Creatures
  An orc warrior (D:3)
  2 orc priests (D:3)
  An orc wizard (D:3)
  3 adders (D:2)
  2 worms (D:2)
  2 dart slugs
  3 orcs (D:3)
  2 bats
  A giant cockroach (D:2)
  8 goblins
  4 hobgoblins
  5 jackals
  2 ball pythons
  3 frilled lizards (D:2)
  4 kobolds
  6 rats
49 creatures vanquished.

Notes
Turn   | Place    | Note
-------+----------+-------------------------------------------
     0 | D:1      | jasper the Naga Fighter began the quest for the Orb.
     0 | D:1      | Reached XP level 1. HP: 21/21 MP: 1/1
   340 | D:1      | Reached skill level 1 in Stealth
   340 | D:1      | Reached XP level 2. HP: 28/28 MP: 2/2
   785 | D:2      | Noticed a fire elemental
   787 | D:2      | Found a stormy altar of Qazlal.
   789 | D:2      | Noticed an air elemental
   791 | D:2      | Noticed an earth elemental
   791 | D:2      | Noticed a water elemental
   813 | D:2      | Reached XP level 3. HP: 33/34 MP: 3/3
  1504 | D:2      | Reached XP level 4. HP: 42/42 MP: 4/4
  2194 | D:3      | Noticed an orc warrior
  2204 | D:3      | Killed an orc warrior
  2205 | D:3      | Reached XP level 5. HP: 16/50 MP: 5/5
  2210 | D:3      | Reached XP level 6. HP: 29/57 MP: 6/6
  2487 | D:3      | Slain by an orc

Illustrated notes

Levels and vault maps discovered:
D:1:      minmay_arrival_diagonal_passages, layout_rooms
D:2:      layout_basic, nicolae_qazlal_style_of_elements
D:3:      layout_loops_ring, gammafunk_temple_overflow_statue

Skill      XL: |  1  2  3  4  5  6 |
---------------+-------------------+-----
Stealth        | 1 2 3 |  3.9
Unarmed Combat | 3 4 |  4.2
Shields        | 3 |  3.2
Fighting       | 4 |  4.0
Armour         | |  2.4

Action                   |  1- 3 |  4- 6 || total
-------------------------+-------+-------++-------
Melee: Unarmed           |    96 |    43 ||   139
 Abil: Spit Poison       |    31 |    16 ||    47
  Use: Potion            |       |     2 ||     2
Armor: Scale mail        |    51 |    12 ||    63
       Skin              |       |     1 ||     1
Dodge: Dodged            |    24 |     6 ||    30
Block: Kite shield       |    65 |    16 ||    81

Table legend: (Time is in decaauts)
 A = Elapsed time spent in this place.
 B = Non-inter-level travel time spent in this place.
 C = Inter-level travel time spent in this place.
 D = Time resting spent in this place.
 E = Time spent auto-exploring this place.
 F = Levels seen in this place.
 G = Mean time per level.
                   A        B        C        D        E       F      G
               +--------+--------+--------+--------+--------+-----+--------+
         Total |   2951 |   2872 |     79 |    684 |   1771 |   3 |  983.7 |
       Dungeon |   2951 |   2872 |     79 |    684 |   1771 |   3 |  983.7 |
               +--------+--------+--------+--------+--------+-----+--------+

Top non-repeatable levels by time:
     D:1: 1255 daAuts
     D:2: 1031 daAuts
     D:3: 664 daAuts
